 Dungeon Crawl Stone Soup version 0.31-a0-819-gf6de2f5ab6 (webtiles) character file.

Game seed: 7684043457765882385

196 qw the Shooter (level 5, 0/32 HPs)
             Began as a Gargoyle Hunter on Sept 23, 2023.
             Slain by an orc
             ... wielding a +0 flail
              (7 damage)
             ... on level 3 of the Dungeon.
             The game lasted 00:00:46 (1654 turns).

qw the Shooter (Gargoyle Hunter)                    Turns: 1654, Time: 00:00:46

Health: 0/32       AC:  9    Str: 14    XL:     5   Next: 74%
Magic:  5/5        EV: 11    Int: 10    God:
Gold:   130        SH:  0    Dex: 15    Spells: 4/4 levels left

rFire   . . .        Y - +0 shortbow
rCold   . . .        (shield currently unavailable)
rNeg    + . .        f - +0 ring mail
rPois   inf          (no helmet)
rElec   +            (no cloak)
rCorr   .            (no gloves)
SInv    .            (no boots)
Will    .....        (no amulet)
Stlth   +            (no ring)
HPRegen 0.25/turn    (no ring)
MPRegen 0.09/turn

%: no passive effects
@: no status effects
A: sickness immunity, AC +4, negative energy resistance 1, electricity
resistance, torment resistance 1, petrification resistance
a: no special abilities


You were on level 3 of the Dungeon.
You visited 1 branch of the dungeon, and saw 3 of its levels.

You collected 130 gold pieces.


Innate Abilities, Weirdness & Mutations

You are immune to sickness and miasma.
Your stone body is resilient. (AC +4)
You are immune to poison.
You resist negative energy. (rN+)
You are resistant to electric shocks. (rElec)
You are resistant to unholy torment.
You are immune to petrification.


   Skills:
 + Level 3.5 Fighting
 - Level 6.0 Ranged Weapons
 - Level 1.5 Armour
 - Level 1.5 Dodging
 - Level 1.1 Stealth


You had 4 spell levels left.
You didn't know any spells.
Your spell library was empty.

Inventory:

Hand Weapons
 Y - a +0 shortbow (weapon)
Armour
 f - a +0 ring mail (worn)
Scrolls
 a - 2 scrolls of teleportation
 b - a scroll of enchant armour {unknown}
 c - a scroll of torment {unknown}
 d - 2 scrolls of identify
Potions
 e - 2 potions of curing
 g - a potion of haste {unknown}
 h - a potion of lignification {unknown}
 i - a potion of berserk rage {unknown}
 j - a potion of brilliance {unknown}

Dungeon Overview and Level Annotations

Branches:
Dungeon (3/15)

Altars:

Shops:
D:1 =


Message History

The arrow hits Natasha but does no damage.
Natasha is lightly wounded.
An orc comes into view. It is wielding a +0 falchion.
Natasha claws you.
You shoot an arrow. The orc shouts!
The arrow hits Natasha!
Natasha is severely wounded.
An orc comes into view.
It is wielding a +2 hand axe of draining.
Natasha misses you.
You shoot an arrow. The arrow barely misses Natasha.
Natasha mumbles some strange words.
You shoot an arrow. The arrow closely misses Natasha.
The orc closely misses you.
An orc comes into view. It is wielding a +0 whip.
Natasha claws you. The cerulean imp barely misses you. Natasha claws you!
The orc hits you with a +0 flail.
You shoot an arrow. The orc shouts!
The arrow hits Natasha.
Natasha is severely wounded.
The cerulean imp hits you but does no damage.
The orc hits you with a +0 flail. Natasha closely misses you.
You shoot an arrow. The arrow hits Natasha!
You kill Natasha!
Natasha screams in fury as she dies!
The cerulean imp disappears in a puff of smoke!
The orc hits you with a +0 flail.
You shoot an arrow. The arrow hits the orc!
You kill the orc!
The orc barely misses you.
You shoot an arrow. The arrow hits the orc.
The orc is moderately wounded.
The orc barely misses you.
You shoot an arrow. The arrow closely misses the orc.
The orc hits you with a +2 hand axe of draining.
The orc hits you but does no damage. The orc closely misses you.
The orc hits you but does no damage. The orc closely misses you.
The orc hits you but does no damage. The orc hits you with a +0 flail!
You die...

## .... ....###### ...
.........# ....
.........# ####..###
.......%.# #........
#.......# #.......
#.......####.....###
#.....@o'..........###
###..ooo###..........#
#.....#.............
#)....#.##..........
.......'..'..........
......................
.)........#.#.#........
......................#
......#.#.#.#######


You could see 4 orcs.

Vanquished Creatures
  A jelly (D:2)
  An orc wizard (D:3)
  Natasha (D:3)
  6 adders
  A worm (D:3)
  2 dart slugs
  8 orcs (D:3)
  3 endoplasms
  A giant cockroach (D:3)
  3 goblins
  6 hobgoblins
  2 jackals (D:3)
  6 kobolds
  2 ball pythons
  5 bats
  2 frilled lizards
50 creatures vanquished.

Notes
Turn   | Place    | Note
-------+----------+-------------------------------------------
     0 | D:1      | qw the Gargoyle Hunter began the quest for the Orb.
     0 | D:1      | Reached XP level 1. HP: 12/12 MP: 1/1
     0 | D:1      | 0 ||| qw: Version: 0.3-a-83-gcd0e7d8
     0 | D:1      | 0 ||| qw: Game counter: 1660
     0 | D:1      | 0 ||| qw: Melee chars always use a shield: true
     0 | D:1      | 0 ||| qw: God list: Okawaru
     0 | D:1      | 0 ||| qw: Allow faded altars: false
     0 | D:1      | 0 ||| qw: Do Orc after clearing Dungeon:15 true
     0 | D:1      | 0 ||| qw: Do second Lair branch before Depths: true
     0 | D:1      | 0 ||| qw: Lair rune preference: random
     0 | D:1      | 0 ||| qw: Goals: Normal
     0 | D:1      | 0 ||| PLANNING D:1-11
    19 | D:1      | Found Heurinye's Jewellery Emporium.
    88 | D:1      | Reached XP level 2. HP: 17/17 MP: 2/2
   291 | D:1      | 291 ||| SHOPLISTING +4 ring of protection (396 gold, have
                  | 46).
   291 | D:1      | 291 ||| SHOPLISTING +5 ring of evasion (396 gold, have 46).
   291 | D:1      | 291 ||| SHOPLISTING +6 ring of dexterity (396 gold, have
                  | 46).
   291 | D:1      | 291 ||| SHOPLISTING ring of fire (275 gold, have 46).
   291 | D:1      | 291 ||| SHOPLISTING ring of ice (275 gold, have 46).
   291 | D:1      | 291 ||| SHOPLISTING ring of positive energy (220 gold, have
                  | 46).
   291 | D:1      | 291 ||| SHOPLISTING ring of protection from fire (275 gold,
                  | have 46).
   291 | D:1      | 291 ||| SHOPLISTING ring of resist corrosion (220 gold,
                  | have 46).
   706 | D:1      | 706 ||| UPGRADING to +0 ring mail.
   716 | D:1      | 716 ||| DROPPING +0 leather armour.
   717 | D:1      | 717 ||| READING 2 scrolls labelled SOHOWKU DA WOLU.
   720 | D:1      | 720 ||| READING scroll labelled UNUTHR UCIPHAM.
   721 | D:1      | 721 ||| READING scroll labelled CARCHE UMUR APLI.
   722 | D:1      | 722 ||| DRINKING 2 bubbling sapphire potions.
   723 | D:1      | 723 ||| DROPPING scroll of butterflies.
   799 | D:2      | 799 ||| Stepping ~*~*~tactically~*~*~ (retreating).
   800 | D:2      | 800 ||| Stepping ~*~*~tactically~*~*~ (retreating).
   801 | D:2      | 801 ||| Stepping ~*~*~tactically~*~*~ (retreating).
   802 | D:2      | 802 ||| Stepping ~*~*~tactically~*~*~ (retreating).
   810 | D:2      | Reached skill level 1 in Armour
   810 | D:2      | Reached XP level 3. HP: 17/21 MP: 3/3
   825 | D:2      | Reached skill level 5 in Ranged Weapons
   956 | D:2      | Reached XP level 4. HP: 26/27 MP: 4/4
  1080 | D:2      | Reached skill level 3 in Fighting
  1280 | D:2      | 1280 ||| READING scroll labelled UJYMUN LIRRERO.
  1281 | D:2      | 1281 ||| READING scroll labelled QOCIAS IPA JUWI.
  1356 | D:3      | 1356 ||| DRINKING 4 potions of curing.
  1356 | D:3      | 1356 ||| (to cure confusion)
  1367 | D:3      | 1367 ||| DRINKING 3 potions of curing.
  1367 | D:3      | 1367 ||| (to cure confusion)
  1377 | D:3      | Reached XP level 5. HP: 17/32 MP: 5/5
  1576 | D:3      | Reached skill level 6 in Ranged Weapons
  1641 | D:3      | Noticed Natasha
  1651 | D:3      | Killed Natasha
  1654 | D:3      | HP: 7/32 [orc/+2 hand axe of draining (4)]
  1654 | D:3      | Slain by an orc

Levels and vault maps discovered:
D:1:      lightli_arrival_chessboard, layout_basic, serial_shops,
          nicolae_shop_window_shopping, grunt_decor_mini_mirrors
D:2:      layout_rooms
D:3:      layout_basic, serial_glass, glass_columns_a, glass_columns_b,
          glass_columns_b, glass_columns_a, feat_on_display, feat_on_display,
          due_unseen_surprise, item_on_display_a, minmay_unequal, uniq_natasha

Skill      XL: |  1  2  3  4  5 |
---------------+----------------+-----
Armour         | 1 |  1.5
Ranged Weapons | 5 6 |  6.0
Fighting       | 3 |  3.5
Dodging        | |  1.5
Stealth        | |  1.1

Action                     |  1- 3 |  4- 6 || total
---------------------------+-------+-------++-------
   Fire: Shortbow          |    88 |   108 ||   196
    Use: Scroll            |     3 |     2 ||     5
         Potion            |     1 |     2 ||     3
 Armour: Leather armour    |     6 |       ||     6
         Ring mail         |    41 |    52 ||    93
  Dodge: Dodged            |    44 |    33 ||    77

Table legend:
 A = Non-vault XP
 B = Vault XP
 C = Vault XP percentage of total XP
 D = Non-vault monster count
 E = Vault monster count
 F = Vault count percentage of total count
                 A         B        C        D         E       F
            +---------+---------+-------+---------+---------+-------
      Total |     245 |      35 |  12.5 |      49 |       1 |   2.0
            +---------+---------+-------+---------+---------+-------
        D:1 |      21 |       0 |   0.0 |      12 |       0 |   0.0
        D:2 |     121 |       0 |   0.0 |      19 |       0 |   0.0
        D:3 |     103 |      35 |  25.4 |      18 |       1 |   5.3
            +---------+---------+-------+---------+---------+-------
